 Dungeon Crawl Stone Soup version 0.19.0 (webtiles) character file.

63 HeyBub the Magician (level 4, 0/34 HPs)
             Began as a Human Wanderer on Nov 1, 2016.
             Slain by an elf zombie (5 damage)
             ... in an ossuary.
             The game lasted 00:08:14 (1516 turns).

HeyBub the Magician (Human Wanderer)                Turns: 1516, Time: 00:08:14

Health: 0/34       AC:  5    Str: 12    XL:     4   Next: 30%
Magic:  9/9        EV: 11    Int: 14    God:
Gold:   67         SH:  0    Dex: 12    Spells: 1 memorised, 9 levels left

rFire  . . .     SeeInvis .     c - +0 shortbow
rCold  . . .     Gourm    .     i - +0 robe
rNeg   . . .     Faith    .     (shield currently unavailable)
rPois  .         Spirit   .     (no helmet)
rElec  .         Reflect  .     p - +0 cloak
rCorr  .         Harm     .     j - +0 pair of gloves
MR     .....                    l - +0 pair of boots
Stlth  ++........               (no amulet)
                                (no ring)
                                (no ring)

@: no status effects
A: no striking features
a: no special abilities


You were in an ossuary.
You were near starving.

You visited 1 branch of the dungeon, and saw 3 of its levels.
You also visited: Ossuary.

You collected 67 gold pieces.

Inventory:

Hand Weapons
 c - a +0 shortbow (weapon)
Missiles
 d - 10 arrows (quivered)
Armour
 b - a +0 ring mail
 i - a +0 robe (worn)
 j - a +0 pair of gloves (worn)
 l - a +0 pair of boots (worn)
 p - a +0 cloak (worn)
 q - a +0 buckler
Scrolls
 e - 2 scrolls of identify {unknown}
 g - 2 scrolls of remove curse {unknown}
 h - 2 scrolls of fear {unknown}
 k - a scroll of blinking {unknown}
 n - a scroll of teleportation {unknown}
 u - a scroll of enchant weapon {unknown}
Potions
 m - a potion of haste {unknown}
 r - 2 potions of curing {unknown}
 s - a potion of brilliance {unknown}
 t - a potion of cancellation {unknown}
Books
 a - a Young Poisoner's Handbook

   Spells                             Type                      Level
   a - Sting                          Conjuration/Poison           1
   b - Mephitic Cloud                 Conjuration/Poison/Air       3
   c - Olgreb's Toxic Radiance        Poison                       4
   d - Alistair's Intoxication        Transmutation/Poison         5
   e - Venom Bolt                     Conjuration/Poison           5
Comestibles
 f - a bread ration
 o - 4 fruits


   Skills:
 + Level 2.4 Fighting
 + Level 2.1 Bows
 + Level 0.6 Armour
 + Level 0.2 Dodging
 + Level 1.1 Stealth
 + Level 3.5 Spellcasting
 + Level 0.8 Conjurations
   Level 1.0 Ice Magic
 + Level 1.1 Poison Magic
   Level 1.0 Evocations


You had 9 spell levels left.
You knew the following spells:

 Your Spells              Type           Power        Failure   Level  Hunger
a - Sting                 Conj/Pois      #...         17%         1    #......


Dungeon Overview and Level Annotations

Branches:
Dungeon (4/15)
 Temple: D:4-7

Altars:
Ashenzari
Nemelex Xobeh

Shops:
D:4 *


Message History

Aim: a hobgoblin zombie You shoot an arrow.
The arrow hits the hobgoblin zombie.
The hobgoblin zombie is lightly damaged.
The elf zombie closely misses you.
The hobgoblin zombie hits you but does no damage.
Firing (i - inventory):
d - 12 arrows (quivered)
Press: ? - help, Shift-Dir - straight line, f/p - hobgoblin zombie
Aim: a hobgoblin zombie (lightly damaged)
You shoot an arrow. The arrow hits the hobgoblin zombie.
The hobgoblin zombie is severely damaged.
The elf zombie hits you. The hobgoblin zombie hits you.
Firing (i - inventory):
d - 11 arrows (quivered)
Press: ? - help, Shift-Dir - straight line, f/p - hobgoblin zombie
Aim: a hobgoblin zombie (severely damaged)
You shoot an arrow. The arrow hits the hobgoblin zombie.
You destroy the hobgoblin zombie!
The elf zombie hits you!
* * * LOW HITPOINT WARNING * * *
The elf zombie hits you.
You die...

#((.# #Z..# #...# #
#Z..# #. #...# #..
#.Z.#
#...##############...#
#.....Z.(...(.....Z..#
#.....@...∩(.........#
######################


You could see an elf zombie.

Vanquished Creatures
  An adder (D:2)
  3 dart slugs
  4 leopard geckos
  A giant cockroach (D:1)
  5 goblins (D:1)
  3 hobgoblins (D:1)
  8 kobolds
  3 bats
  2 frilled lizards (D:1)
  6 hobgoblin zombies (Ossuary)
  2 kobold zombies (Ossuary)
  7 orc zombies (Ossuary)
  2 rats (D:1)
47 creatures vanquished.

Notes
Turn   | Place    | Note
-------+----------+-------------------------------------------
     0 | D:1      | HeyBub the Human Wanderer began the quest for the Orb.
     0 | D:1      | HeyBub set off with: a Young Poisoner's Handbook, a +0 ring mail, a +0 shortbow, 23 arrows, a bread ration
     0 | D:1      | Reached XP level 1. HP: 16/16 MP: 4/4
    89 | D:1      | Reached XP level 2. HP: 6/22 MP: 6/6
   171 | D:1      | Learned a level 1 spell: Sting
   501 | D:1      | Reached XP level 3. HP: 28/28 MP: 7/7
  1034 | D:2      | Reached XP level 4. HP: 29/34 MP: 9/9
  1263 | D:2      | Found a sparkling altar of Nemelex Xobeh.
  1269 | D:2      | You fall through a shaft for 2 floors!
  1269 | D:4      | Found a shattered altar of Ashenzari.
  1295 | D:4      | Found Mulax's Merry Market.
  1332 | D:4      | Found a sand-covered staircase.
  1345 | Ossuary  | Entered an ossuary
  1516 | Ossuary  | Slain by an elf zombie

Skill      XL: |  1  2  3  4 |
---------------+-------------+-----
Bows           | 2 |  2.1
Fighting       | |  2.4
Armour         | |  0.6
Dodging        | |  0.2
Stealth        | |  1.1
Spellcasting   | |  3.5
Conjurations   | |  0.8
Ice Magic      | |  1.0
Poison Magic   | |  1.1
Evocations     | |  1.0

Action                   |  1- 3 |  4- 6 || total
-------------------------+-------+-------++-------
 Fire: Shortbow          |    80 |    57 ||   137
 Cast: Sting             |     9 |       ||     9
Armor: Ring mail         |    12 |       ||    12
       Robe              |     8 |    11 ||    19
Dodge: Dodged            |    25 |    16 ||    41
